 Dungeon Crawl Stone Soup version 0.32-a0-422-g28b100f618 (webtiles) character file.

Game seed: 14750852638826599371

50742 snarfax the Severer (level 14, -6/118 HPs)
             Began as a Coglin Gladiator on Feb 21, 2024.
             Was a High Priest of Elyvilon.
             Shot with an arrow by a centaur warrior (18 damage)
             ... on level 15 of the Dungeon.
             The game lasted 00:49:30 (16219 turns).

snarfax the Severer (Coglin Gladiator)             Turns: 16219, Time: 00:49:30

Health: -6/118     AC: 19    Str: 20    XL:     14   Next: 56%
Magic:  14/14      EV: 13    Int:  8    God:    Elyvilon [*****.]
Gold:   2592       SH:  0    Dex: 15    Spells: 13/13 levels left

rFire   . . .        a - +1 war axe {Carlos}
rCold   . . .        S - +3 war axe {Yashnoor}
rNeg    + . .        H - +1 plate armour
rPois   .            c - +0 helmet
rElec   .            (no cloak)
rCorr   .            J - +0 pair of gloves
SInv    +            i - +0 pair of boots
Will    +....        (no amulet) Stlth
                     h - ring of the Voivode {^Contam rN+ EV+5 Slay+5}
HPRegen 0.39/turn    f - ring of see invisible
MPRegen 0.14/turn

%: no passive effects
@: marked
A: off-hand wielding, slow wielding, warmup strikes, legs shutdown
a: Renounce Religion, Purification, Heal Other, Heal Self, Divine Vigour


You were on level 15 of the Dungeon.
You worshipped Elyvilon.
Elyvilon was extremely pleased with you.
You visited 3 branches of the dungeon, and saw 20 of its levels.
You also visited: Bailey.

You collected 2592 gold pieces.

Inventory:

Hand Weapons
 a - a +1 war axe (weapon) {Carlos}
 l - a +3 trident {Santos}
 r - a +0 hand axe {Appia}
 D - a +2 vampiric hand axe
 N - a +2 vampiric short sword
 S - a +3 war axe (offhand) {Yashnoor}
Missiles
 d - 8 throwing nets
 e - 3 javelins
 j - 16 boomerangs
 w - 15 poisoned darts (quivered)
 K - 4 datura-tipped darts
Armour
 c - a +0 helmet (worn)
 i - a +0 pair of boots (worn)
 H - a +1 plate armour (worn)
 J - a +0 pair of gloves (worn)
Jewellery
 f - a ring of see invisible (right grasper)
 h - the ring of the Voivode (left grasper) {^Contam rN+ EV+5 Slay+5}
   (You found it on level 2 of the Dungeon)

   [ring of evasion]

   EV+5:      It affects your evasion (+5).
   Slay+5:    It affects your accuracy & damage with ranged weapons and melee
   (+5).
   rN+:       It protects you from negative energy.
   ^Contam:   It causes magical contamination when unequipped.
 n - a ring of willpower
 o - a +6 ring of dexterity
 y - a ring of positive energy
 F - a +4 ring of protection
 L - a ring of positive energy
 Y - an amulet of faith
 Z - a +4 ring of protection
Wands
 k - a wand of flame (5)
 s - a wand of charming (21)
 v - a wand of polymorph (7)
 z - a wand of mindburst (29)
 C - a wand of digging (15)
 T - a wand of roots (5)
Scrolls
 b - 3 scrolls of identify
 t - 3 scrolls of teleportation
 B - a scroll of poison
 E - a scroll of blinking
 G - a scroll of butterflies
 I - a scroll of fear
 O - a scroll of torment
 Q - 3 scrolls of vulnerability
 V - a scroll of fog
 X - a scroll of immolation
Potions
 g - 2 potions of attraction
 m - 4 potions of mutation
 p - 3 potions of invisibility
 q - a potion of brilliance
 u - a potion of ambrosia
 x - 2 potions of magic
 A - 2 potions of curing
 M - a potion of enlightenment
 P - 3 potions of heal wounds
 R - 2 potions of resistance
 U - a potion of haste
 W - a potion of might


   Skills:
 + Level 13.4 Fighting
 - Level 18.0 Axes
 - Level 1.7 Throwing
 + Level 10.0 Armour
 - Level 5.0 Dodging


You had 13 spell levels left.
You didn't know any spells.
Your spell library contained the following spells:

 Spells                   Type           Power      Damage    Failure   Level
 Sandblast                Erth           0%         2d4       100%        1
 Blink                    Tloc           0%         N/A       100%        2
 Lesser Beckoning         Tloc           0%         N/A       100%        2
 Momentum Strike          Conj/Tloc      0%         3d8       100%        2
 Sublimation of Blood     Necr           0%         N/A       100%        2
 Inner Flame              Hex/Fire       0%         N/A       100%        3
 Ozocubu's Armour         Ice            0%         N/A       100%        3
 Passwall                 Erth           0%         N/A       100%        3
 Stone Arrow              Conj/Erth      0%         3d7       100%        3
 Tukima's Dance           Hex            0%         N/A       100%        3
 Volatile Blastmotes      Fire/Tloc      0%         2d10      100%        3
 Brom's Barrelling Bould  Conj/Erth      0%         2d3       100%        4
 Dimensional Bullseye     Hex/Tloc       0%         N/A       100%        4
 Flame Wave               Conj/Fire      0%         2d4       100%        4
 Fulminant Prism          Conj/Alch      0%         3d5       100%        4
 Iskenderun's Mystic Bla  Conj/Tloc      0%         2d3       100%        4
 Petrify                  Alch/Erth      0%         N/A       100%        4
 Sticky Flame             Fire/Alch      0%         2d4       100%        4
 Irradiate                Conj/Alch      0%         3d11      100%        5
 Metabolic Englaciation   Hex/Ice        0%         N/A       100%        5
 Sculpt Simulacrum        Ice/Alch       0%         N/A       100%        6
 Ignition                 Fire           0%         3d3       100%        8


Dungeon Overview and Level Annotations

Branches:
Dungeon (15/15)            Temple (1/1) D:5            Lair (5/5) D:8
  Swamp (0/4) Lair:2        Snake (0/4) Lair:2        Slime (0/5) Lair:5
 Bailey (visited)
    Orc: D:9-12      Vaults: D:13-14     Depths: D:15

Altars:
Ashenzari
Cheibriados
Dithmenos
Elyvilon
Fedhas
Gozag
Hepliaklqana
Kikubaaqudgha
Makhleb
Nemelex Xobeh
Okawaru
Qazlal
Ru
Sif Muna
Trog
Uskayaw
Vehumet
Wu Jian
Xom
Yredelemnul

Shops:
D:7 ([[

Annotations:
Lair:4 2 transporters
Lair:5 1 runed translucent door


Innate Abilities, Weirdness & Mutations

You can wield a second weapon in your off-hand.
It takes a long time for you to wield or remove held weapons.
Your first few attacks do less damage.
Attacking and casting redirects power from your legs.


Message History

The four-headed hydra bites you but does no damage.
The four-headed hydra bites you! The four-headed hydra misses you.
The four-headed hydra bites you but does no damage.
As you read the scroll of teleportation, it crumbles to dust.
You feel strangely unstable.
The four-headed hydra closely misses you.
The four-headed hydra bites you. x2; The four-headed hydra misses you.
Aiming: Polymorph
Press: ? - help, Shift-Dir - straight line, f/p - four-headed hydra
Aim: a four-headed hydra (will become a storm dragon, a great orb of eyes, or a quicksilver ooze, chance to affect: 17%)
The four-headed hydra resists with almost no effort.
The four-headed hydra bites you but does no damage.
The four-headed hydra closely misses you.
The four-headed hydra barely misses you.
The four-headed hydra bites you.
Aiming: Polymorph
Press: ? - help, Shift-Dir - straight line, f/p - four-headed hydra
Aim: a four-headed hydra (will become a storm dragon, a great orb of eyes, or a quicksilver ooze, chance to affect: 17%)
The four-headed hydra evaporates and reforms as a storm dragon!
Your surroundings suddenly seem different.
You set off the alarm!
The alarm trap emits a blaring wail!
A sentinel's mark forms upon you.
Found a scroll of enchant armour and a plate armour.
You hear a shout! x2
Okay, then.
Found a sedimented emerald potion.
A centaur warrior comes into view.
The centaur warrior wields a +0 shortbow.
The centaur warrior shoots an arrow.
The arrow hits you.
A centaur warrior comes into view.
The centaur warrior shoots an arrow.
The arrow closely misses you.
The centaur warrior wields a +0 orcbow.
The centaur warrior shoots an arrow.
The arrow closely misses you.
The centaur warrior shoots an arrow.
The arrow hits you!!
* * * LOW HITPOINT WARNING * * *
The centaur warrior shoots an arrow.
The arrow hits you!
* * * LOW HITPOINT WARNING * * *
The centaur warrior shoots an arrow.
The arrow hits you!!
You die...

#.# #.# cc##
...# ##..#
... #.# #@###
#...# #.###
#.# #.# #.#
!..###.######
#.........?#
#........[.#


You could see 2 centaur warriors.

Vanquished Creatures
  An eleionoma (Lair:2)
  Erolcha (D:11)
  A catoblepas (D:14)
  2 boulder beetles
  A skyshark (Lair:2)
  An orc knight (D:15)
  6 ugly things (D:15)
  3 meliai (D:14)
  2 black mambas (Lair:5)
  A salamander (Lair:2)
  13 elephants
  A torpor snail (Lair:5)
  12 cane toads
  5 komodo dragons
  3 rime drakes
  An unseen horror (D:11)
  A tengu conjurer (D:14)
  A queen bee (D:14)
  6 polar bears (Lair:5)
  43 blink frogs
  3 hornets (Lair:5)
  8 dream sheep (Lair:5)
  14 spriggans (Lair:5)
  6 basilisks
  35 yaks
  A wraith (D:14)
  3 wyverns
  Grum (Bailey)
  2 steam dragons
  A warg (D:15)
  3 nagas (Lair:2)
  Edmund (D:5)
  17 water moccasins
  A sky beast (D:7)
  3 ice beasts
  3 orc warriors
  4 black bears
  2 laughing skulls (D:14)
  An ogre (D:4)
  6 centaurs
  29 wolves
  4 boggarts (Lair:5)
  A phantom (D:4)
  12 bullfrogs
  3 scorpions
  7 gnoll sergeants
  4 wights (D:9)
  24 killer bees
  A howler monkey (D:8)
  An electric eel (Lair:2)
  A jelly (D:6)
  3 hounds
  7 orc priests
  5 iguanas
  A sleepcap (D:3)
  Terence (D:2)
  6 gnoll boudas (Bailey)
  6 orc wizards
  3 adders
  22 gnolls
  2 shadow imps (D:6)
  A white imp (D:6)
  3 dart slugs
  3 ribbon worms
  20 orcs
  7 bats
  7 endoplasms
  3 giant cockroaches
  8 goblins
  8 hobgoblins
  3 jackals (D:2)
  8 kobolds
  6 quokkas
  6 ball pythons
  4 frilled lizards
  4 rats (D:1)
454 creatures vanquished.

Notes
Turn   | Place    | Note
-------+----------+-------------------------------------------
     0 | D:1      | snarfax the Coglin Gladiator began the quest for the Orb.
     0 | D:1      | Reached XP level 1. HP: 16/16 MP: 1/1
   175 | D:1      | Reached XP level 2. HP: 22/22 MP: 2/2
   330 | D:1      | Reached skill level 1 in Armour
   446 | D:1      | Reached XP level 3. HP: 26/27 MP: 3/3
   933 | D:2      | Identified the ring of the Voivode {^Contam rN+ EV+5
                  | Slay+5}
  1048 | D:2      | Noticed Terence
  1060 | D:2      | Killed Terence
  1061 | D:2      | Reached XP level 4. HP: 30/34 MP: 4/4
  1303 | D:2      | Found a faded altar of an unknown god.
  1539 | D:2      | Reached skill level 4 in Axes
  1648 | D:3      | Reached XP level 5. HP: 39/39 MP: 5/5
  2550 | D:4      | Noticed an ogre
  2550 | D:4      | Noticed a black bear
  2559 | D:4      | Killed an ogre
  2560 | D:4      | Reached XP level 6. HP: 47/47 MP: 6/6
  2563 | D:4      | Killed a black bear
  2761 | D:4      | Reached skill level 5 in Axes
  2882 | D:4      | Reached XP level 7. HP: 52/52 MP: 7/7
  3005 | D:4      | Found a shimmering altar of Xom.
  3191 | D:4      | Found a shadowy altar of Dithmenos.
  3191 | D:4      | Found a white marble altar of Elyvilon.
  3284 | D:4      | Became a worshipper of Elyvilon the Healer
  3618 | D:5      | Entered Level 5 of the Dungeon
  3646 | D:5      | Found a staircase to the Ecumenical Temple.
  3730 | D:5      | Noticed Edmund
  3739 | D:5      | Killed Edmund
  3740 | D:5      | Reached skill level 6 in Axes
  3740 | D:5      | Reached XP level 8. HP: 58/60 MP: 8/8
  3845 | D:5      | Reached * piety under Elyvilon
  3960 | D:5      | Found a hide-covered altar of Uskayaw.
  4158 | D:6      | Identified the +3 leather armour "Lowatyuk" {Will+ Str+3}
  4274 | D:6      | Reached skill level 5 in Armour
  4631 | D:6      | Reached ** piety under Elyvilon
  4786 | D:6      | Reached skill level 7 in Axes
  5025 | D:7      | Found a flagged portal.
  5043 | Bailey   | Entered a bailey
  5143 | Bailey   | Reached skill level 5 in Fighting
  5143 | Bailey   | Reached skill level 5 in Dodging
  5198 | Bailey   | Reached XP level 9. HP: 68/68 MP: 9/9
  5220 | Bailey   | Reached skill level 8 in Axes
  5232 | Bailey   | HP: 1/68 [wolf (4)]
  5232 | Bailey   | Elyvilon protects you from harm!
  5565 | Bailey   | Noticed Grum
  5578 | Bailey   | Reached skill level 9 in Axes
  5587 | Bailey   | HP: 1/69 [gnoll sergeant/+0 halberd (10)]
  5590 | Bailey   | Elyvilon protects you from harm!
  5594 | Bailey   | Killed Grum
  5594 | Bailey   | HP: 1/69 [gnoll sergeant/+0 halberd (5)]
  6326 | D:7      | Found Juryif's Armour Shoppe.
  6327 | D:7      | Found Xulyrr's Antique Armour Shoppe.
  6328 | D:7      | Found Xashin's Weapon Shoppe.
  6389 | D:7      | Found a basalt altar of Yredelemnul.
  6450 | D:7      | Found a radiant altar of Vehumet.
  6451 | D:7      | Found a blossoming altar of Fedhas.
  6588 | D:7      | Found a broken altar of Ashenzari.
  6612 | D:7      | Reached *** piety under Elyvilon
  7042 | D:8      | Reached skill level 10 in Axes
  7042 | D:8      | Reached XP level 10. HP: 69/79 MP: 10/10
  7218 | D:8      | Noticed an elephant
  7227 | D:8      | Killed an elephant
  7277 | D:8      | Found a staircase to the Lair.
  7458 | D:8      | Reached skill level 11 in Axes
  7710 | Lair:1   | Entered Level 1 of the Lair of Beasts
  7879 | Lair:1   | Noticed a cane toad
  7915 | Lair:1   | Reached skill level 12 in Axes
  8037 | Lair:1   | Noticed a cane toad
  8045 | Lair:1   | Killed a cane toad
  8046 | Lair:1   | Reached XP level 11. HP: 76/87 MP: 11/11
  8401 | Lair:1   | Reached skill level 13 in Axes
  8545 | Lair:1   | Reached **** piety under Elyvilon
  8746 | Lair:1   | Reached skill level 10 in Fighting
  9115 | Lair:1   | Reached skill level 14 in Axes
  9594 | Lair:2   | Reached XP level 12. HP: 60/97 MP: 9/12
  9724 | Lair:2   | Reached skill level 15 in Axes
  9799 | Lair:2   | Found a staircase to the Swamp.
  9799 | Lair:2   | Noticed an eleionoma
  9813 | Lair:2   | Killed an eleionoma
 10196 | Lair:2   | Found a staircase to the Snake Pit.
 10674 | Lair:2   | Noticed a skyshark
 10688 | Lair:2   | Killed a skyshark
 11099 | Lair:4   | Found a transporter.
 11277 | Lair:4   | Reached skill level 16 in Axes
 11372 | Lair:4   | Found a transporter.
 11471 | Lair:4   | Noticed a four-headed hydra
 11529 | Lair:5   | Entered Level 5 of the Lair of Beasts
 11564 | Lair:5   | Reached ***** piety under Elyvilon
 11682 | Lair:5   | Reached XP level 13. HP: 72/106 MP: 13/13
 12232 | Lair:5   | Identified the +6 great mace of Gyeli {vamp, rN+ rCorr}
 12493 | Lair:5   | Reached skill level 17 in Axes
 12625 | Lair:5   | Found a runed translucent door.
 12625 | Lair:5   | Found a staircase to the Slime Pits.
 12625 | Lair:5   | Noticed an azure jelly
 12625 | Lair:5   | Noticed an azure jelly
 12625 | Lair:5   | Noticed an azure jelly
 13524 | Lair:5   | Reached XP level 14. HP: 109/115 MP: 14/14
 13982 | Lair:5   | Identified a scroll of acquirement
 13984 | Lair:5   | Acquired 987 gold pieces
 14186 | Lair:3   | Reached skill level 18 in Axes
 14358 | Temple   | Entered the Ecumenical Temple
 14486 | D:9      | Found a shimmering blue altar of Sif Muna.
 14808 | D:10     | Entered Level 10 of the Dungeon
 14946 | D:11     | Noticed Erolcha
 14954 | D:11     | Killed Erolcha
 15560 | D:12     | Reached ****** piety under Elyvilon
 15566 | D:12     | You fall into a shaft and drop 2 floors!
 15726 | D:14     | Elyvilon protects you from harm!
 15998 | D:15     | Entered Level 15 of the Dungeon
 16114 | D:15     | Reached skill level 10 in Armour
 16211 | D:15     | a four-headed hydra changed into a storm dragon
 16211 | D:15     | Noticed a storm dragon
 16219 | D:15     | Shot with an arrow by a centaur warrior

Illustrated notes

Levels and vault maps discovered:
D:1:      shiori_arrival_maze, layout_basic, minmay_indecisive_spiral
D:2:      layout_basic, hellmonk_ecumenical_altar_leap_of_faith,
          wander_ebering_terrifying_dragon_lair, uniq_terence
D:3:      layout_basic
D:4:      layout_basic, regret_index_xom_buried_treasure, minitemple,
          dreamdust_wishing_well
D:5:      layout_rooms, general_overflow_altar, temple_hall, uniq_edmund
D:6:      layout_loops_ring
D:7:      layout_basic, kennysheep_little_box, nicolae_overflow_hidden_temple,
          enter_bailey_5, nicolae_shop_distant_corner_stores, nrook_uturn
D:8:      layout_cave_pods, david_lair_generic, ebering_ghost_funeral_grove,
          nicolae_elevator_lobby_plus
D:9:      layout_stronghold, lemuel_round_altar, dk_noncrumbling_4,
          serial_library_hellmonk_u_bend
D:10:     layout_rooms, tso_altar, zin_academy
D:11:     layout_loops_corners, nicolae_shop_gadgets, uniq_harold, uniq_erolcha
D:12:     layout_irregular_city, nrook_mini_vaults, uniq_lodul
D:14:     layout_long_grid, david_vaults_1, special_room [special_room_bee],
          gauntlet_entry_generic, fedhas_altar_fruit_tree, drop_trap
D:15:     grunt_enter_depths_snipers, layout_rooms, hangedman_decor_push,
          minmay_fountain_box
Temple:   nicolae_temple_bog_church
Lair:1:   layout_gridlike, grunt_megastairs_5
Lair:2:   layout_chaotic_city, alex1729_swamp_entry_worm_eleionoma,
          alex1729_snake_entry_snake, nicolae_quartered_pool_super
Lair:3:   layout_misc_corridors
Lair:4:   gammafunk_cloud_chamber, layout_cellular_growth, fungi_pond_lemuel,
          infiniplex_staircase_pool, lemuel_fruit_tree
Lair:5:   minmay_lair_end_enchanted_forest, layout_gridlike, slime_entry_2,
          grunt_megastairs_4, lemuel_fruit_fields

Skill      XL: |  1  2  3  4  5  6  7  8  9 10 11 12 13 14 |
---------------+-------------------------------------------+-----
Armour         | 1 2 3 4 5 6 8 10 | 10.0
Dodging        | 3 4 5 |  5.0
Axes           | 4 5 6 7 10 12 14 16 17 18 | 18.0
Fighting       | 3 4 5 7 8 10 11 12 13 | 13.4
Throwing       | |  1.7

Action                     |  1- 3 |  4- 6 |  7- 9 | 10-12 | 13-15 || total
---------------------------+-------+-------+-------+-------+-------++-------
  Melee: War axe           |    90 |    71 |   161 |   290 |   525 ||  1137
         Hand axe          |       |    23 |   120 |       |       ||   143
         Trident           |       |       |    54 |   301 |   316 ||   671
  Throw: Throwing net      |       |     2 |       |       |       ||     2
         Boomerang         |       |       |     5 |       |       ||     5
         Dart              |       |       |     5 |     7 |    21 ||    33
 Invoke: Heal Self         |       |       |       |     7 |     6 ||    13
  Evoke: Wand              |       |       |       |     4 |     7 ||    11
    Use: Scroll            |     4 |     1 |    12 |     8 |     8 ||    33
         Potion            |       |       |     6 |     2 |     2 ||    10
   Stab: Sleeping          |     1 |       |       |       |       ||     1
         Distracted        |       |       |       |       |     1 ||     1
 Armour: Leather armour    |    37 |       |       |       |       ||    37
         Ring mail         |    11 |    18 |     3 |       |       ||    32
         Chain mail        |       |       |   159 |    63 |       ||   222
         Plate armour      |       |       |       |   173 |   344 ||   517
  Dodge: Dodged            |    92 |    59 |   196 |   173 |   216 ||   736

Table legend: (Time is in decaauts)
 A = Elapsed time spent in this place.
 B = Non-inter-level travel time spent in this place.
 C = Inter-level travel time spent in this place.
 D = Time resting spent in this place.
 E = Time spent auto-exploring this place.
 F = Levels seen in this place.
 G = Mean time per level.
                   A        B        C        D        E       F      G
               +--------+--------+--------+--------+--------+-----+--------+
         Total |  16076 |  15188 |    888 |   1491 |  10764 |  21 |  765.5 |
       Dungeon |   8826 |   8065 |    761 |    106 |   6493 |  14 |  630.4 |
        Temple |      1 |      0 |      1 |      0 |      0 |   1 |    1.0 |
          Lair |   6261 |   6136 |    125 |    884 |   4009 |   5 | 1252.2 |
        Bailey |    987 |    987 |      0 |    501 |    262 |   1 |  987.0 |
               +--------+--------+--------+--------+--------+-----+--------+

Top non-repeatable levels by time:
  Lair:5: 2447 daAuts
  Lair:2: 1568 daAuts
  Lair:1: 1530 daAuts
     D:4: 1149 daAuts
  Bailey: 987 daAuts
     D:6: 986 daAuts
     D:3: 949 daAuts
     D:1: 946 daAuts
     D:7: 885 daAuts
     D:8: 869 daAuts
     D:2: 781 daAuts
  Lair:4: 576 daAuts
     D:5: 534 daAuts
    D:14: 416 daAuts
    D:11: 398 daAuts
